Map: Ghost River LE

Players

JunkyardDawg - Winner!

  • Race: Terran Terran
  • League: Silver
  • Spawn Location: 1:00

Chase

  • Race: Terran Terran
  • League: Silver
  • Spawn Location: 11:00

VOD

Have the link to the VOD?

Description

Time

  • Played on: Nov. 10, 2024, 5:20 p.m.
  • Length: 3:35
Show
View Real Time Build Order
Export as new Build Order

JunkyardDawg Terran - Winner!

Build Orders:  

Get SALT Encoding   

  12  0:01  SCV  
  13  0:13  SCV  
  14  0:20  Supply Depot  
  14  1:03  Barracks x3  
  14  1:14  SCV, Supply Depot  
  15  1:28  Supply Depot  
  15  1:57  Marine  
  15  1:58  Marine x2  
  18  2:15  Marine x2  
  18  2:16  Marine  
  18  2:21  Barracks  
  21  2:33  Marine x2  
  21  2:34  Marine  
  24  2:51  Marine x3  
  26  3:09  Marine x3  
Show
View Real Time Build Order
Export as new Build Order

Chase Terran 

Build Orders:  

Get SALT Encoding   

  12  0:02  SCV  
  13  0:16  Supply Depot  
  13  0:18  SCV  
  14  0:31  SCV  
  15  0:44  Barracks  
  15  0:48  SCV  
  16  0:52  Refinery  
  16  1:00  SCV  
  17  1:14  SCV  
  18  1:28  SCV  
  19  1:42  Orbital Command  
  19  1:44  Barracks Tech Lab  
  19  1:47  Command Center  
  19  2:08  SCV  
  19  2:10  Marine  
  21  2:21  SCV  
  21  2:27  Marine  
  22  2:31  Factory  
  22  2:33  SCV  
  22  2:36  Supply Depot  
  23  2:52  Bunker  
  23  2:56  Marine  
  23  2:58  SCV  
  22  3:10  SCV  
  22  3:13  Marine  
Tags
 
Matchup
TvT
Race
Terran
Spawn Locations
Close Positions
Add a new tag
Caveats
  • Supply blocks, unpowered buildings, or Contaminate may cause inaccurate times.
  • Supply counts are checked every 10 seconds.